| TOP OF THE 1ST |
|
Madison Brewers batting - Pitching for Oakland Oaks : RHP Jasper Schrijver
|
|
Pitching: RHP Jasper Schrijver
|
|
|
Batting: RHB Mohammed bin Ubaida
|
0-0: Foul Ball, location: 2F 0-1: Ball 1-1: Ball 2-1: Foul Ball, location: 2F 2-2: Strikes out swinging
|
|
Batting: LHB Alex Chairez
|
0-0: Fly out, F9 (Line Drive, 89M, EV 93.8 MPH)
|
|
Batting: LHB Steven Donovan
|
0-0: Ball 1-0: Called Strike 1-1: Foul Ball, location: 2F 1-2: Ball 2-2: Foul Ball, location: 2F 2-2: Ball 3-2: Fly out, F7 (Flyball, 78M, EV 77.5 MPH)
|
| Top of the 1st over - 0 runs, 0 hits, 0 errors, 0 left on base; Madison 0 - Oakland 0 |
| BOTTOM OF THE 1ST |
|
Oakland Oaks batting - Pitching for Madison Brewers : RHP Ryan Powers
|
|
Pitching: RHP Ryan Powers
|
|
|
Batting: RHB Chris Bohm
|
0-0: Ball 1-0: Called Strike 1-1: Swinging Strike 1-2: Ball 2-2: Foul Ball, location: 2F 2-2: Ball 3-2: Foul Ball, location: 2F 3-2: Foul Ball, location: 2F 3-2: Base on Balls
|
|
Batting: SHB Steve Salafia
|
0-0: Ball 1-0: Called Strike 1-1: Foul Ball, location: 2F 1-2: SINGLE (Groundball, 4S, EV 69.4 MPH) (infield hit) Chris Bohm to second
|
|
Batting: RHB Walt Alaniz
|
0-0: Called Strike 0-1: Fielders Choice at 2nd, 3-6 (Groundball, 34S, EV 90.6 MPH) Chris Bohm to third
|
|
Batting: LHB Felipe Gomez
|
0-0: Ball 1-0: Called Strike 1-1: Foul Ball, location: 2F 1-2: Ball 2-2: SINGLE (Flyball, 7LS, EV 98.1 MPH) Chris Bohm scores Walt Alaniz to second
|
|
Batting: RHB Chris Temple
|
0-0: Ball 1-0: Ball 2-0: Ball 3-0: Base on Balls Walt Alaniz to third Felipe Gomez to second
|
|
Batting: LHB Ed Talamantes
|
0-0: Ball 1-0: Foul Ball, location: 2F 1-1: Ball 2-1: DOUBLE (Groundball, 5L, EV 100.6 MPH) Walt Alaniz scores Felipe Gomez scores Chris Temple to third
|
|
Batting: RHB Don Burt
|
0-0: Foul Ball, location: 2F 0-1: Swinging Strike 0-2: Fly out, F8 (Flyball, 8RD, EV 96.9 MPH) Runner from 3rd tags up, SCORES, throw by CF
|
|
Batting: RHB Travis Robinson
|
0-0: Foul Ball, location: 2F 0-1: DOUBLE (Flyball, 89XD, EV 105.6 MPH) Ed Talamantes scores
|
|
Batting: RHB Tim Anderson
|
0-0: Foul Ball, location: 2F 0-1: Ball 1-1: DOUBLE (Line Drive, 3D, EV 106.2 MPH) Travis Robinson scores
|
|
Batting: RHB Chris Bohm
|
0-0: Called Strike 0-1: Foul Ball, location: 2F 0-2: Fly out, F8 (Line Drive, 78M, EV 111.9 MPH)
|
| Bottom of the 1st over - 6 runs, 5 hits, 0 errors, 1 left on base; Madison 0 - Oakland 6 |
| TOP OF THE 2ND |
|
Madison Brewers batting - Pitching for Oakland Oaks : RHP Jasper Schrijver
|
|
Batting: LHB Greg Reedy
|
0-0: Called Strike 0-1: Ball 1-1: Ball 2-1: Called Strike 2-2: Strikes out looking
|
|
Batting: LHB Dusty Bryant
|
0-0: Ball 1-0: Ball 2-0: Foul Ball, location: 2F 2-1: Ball 3-1: Base on Balls
|
|
Batting: RHB Xiao-shuang Au
|
0-0: Ball 1-0: Ball 2-0: Fly out, F7 (Flyball, 7D, EV 98.8 MPH)
|
|
Batting: LHB Tony Hasbun
|
0-0: Foul Ball, location: 2F 0-1: SINGLE (Groundball, 34D, EV 101.2 MPH) Dusty Bryant to second Runner from 2nd tries for 3rd, SAFE, throw by RF made to third
|
|
Batting: LHB Jesus Huante
|
0-0: Called Strike 0-1: Ball 1-1: Ball 2-1: Foul Ball, location: 2F 2-2: Strikes out swinging
|
| Top of the 2nd over - 0 runs, 1 hit, 0 errors, 2 left on base; Madison 0 - Oakland 6 |
| BOTTOM OF THE 2ND |
|
Oakland Oaks batting - Pitching for Madison Brewers : RHP Ryan Powers
|
|
Batting: SHB Steve Salafia
|
0-0: Ground out 6-3 (Groundball, 6M, EV 106.9 MPH)
|
|
Batting: RHB Walt Alaniz
|
0-0: Hit by Pitch
|
|
Batting: LHB Felipe Gomez
|
0-0: Foul Ball, location: 2F 0-1: Ball 1-1: Ball 2-1: Foul Ball, location: 2F 2-2: Fly out, F7 (Flyball, 7LM, EV 101.2 MPH)
|
|
Batting: RHB Chris Temple
|
0-0: Called Strike 0-1: Ground out 6-3 (Groundball, 6S, EV 86.2 MPH)
|
| Bottom of the 2nd over - 0 runs, 0 hits, 0 errors, 1 left on base; Madison 0 - Oakland 6 |
| TOP OF THE 3RD |
|
Madison Brewers batting - Pitching for Oakland Oaks : RHP Jasper Schrijver
|
|
Batting: RHB Malcolm McCauley
|
0-0: Called Strike 0-1: Ground out 5-3 (Groundball, 5, EV 105.0 MPH)
|
|
Batting: RHB Mohammed bin Ubaida
|
0-0: Ball 1-0: Ground out 1-3 (Groundball, 13, EV 68.8 MPH)
|
|
Batting: LHB Alex Chairez
|
0-0: Fly out, F8 (Flyball, 89D, EV 105.6 MPH)
|
| Top of the 3rd over - 0 runs, 0 hits, 0 errors, 0 left on base; Madison 0 - Oakland 6 |
| BOTTOM OF THE 3RD |
|
Oakland Oaks batting - Pitching for Madison Brewers : RHP Ryan Powers
|
|
Batting: LHB Ed Talamantes
|
0-0: Ball 1-0: Ball 2-0: Fly out, F7 (Line Drive, 7S, EV 86.2 MPH)
|
|
Batting: RHB Don Burt
|
0-0: Ball 1-0: Ball 2-0: Ball 3-0: Base on Balls
|
|
Batting: RHB Travis Robinson
|
0-0: SINGLE (Groundball, 6MS, EV 69.4 MPH) (infield hit) Don Burt to second
|
|
Batting: RHB Tim Anderson
|
0-0: Called Strike 0-1: Foul Ball, location: 2F 0-2: Ball 1-2: Strikes out looking
|
|
Batting: RHB Chris Bohm
|
0-0: Called Strike 0-1: Foul Ball, location: 2F 0-2: Ball 1-2: SINGLE (Line Drive, 8RS, EV 95.0 MPH) Don Burt to third Travis Robinson to second Throwing error, E8 Don Burt scores Travis Robinson to third Chris Bohm to second
|
|
Batting: SHB Steve Salafia
|
0-0: Ball 1-0: Ball 2-0: Ball 3-0: Called Strike 3-1: Foul Ball, location: 2F 3-2: DOUBLE (Line Drive, 89D, EV 106.2 MPH) Travis Robinson scores Chris Bohm scores
|
|
Pitching: RHP Lorenzo Diaz
|
|
|
Batting: RHB Walt Alaniz
|
0-0: Called Strike 0-1: SINGLE (Groundball, 34D, EV 98.1 MPH) Steve Salafia to third Runner from 3rd tries for Home, throw by RF and OUT! 9-2
|
| Bottom of the 3rd over - 3 runs, 4 hits, 1 error, 1 left on base; Madison 0 - Oakland 9 |
| TOP OF THE 4TH |
|
Madison Brewers batting - Pitching for Oakland Oaks : RHP Jasper Schrijver
|
|
Batting: LHB Steven Donovan
|
0-0: Ball 1-0: Ball 2-0: Ball 3-0: Called Strike 3-1: Base on Balls
|
|
Batting: LHB Greg Reedy
|
0-0: Called Strike Steven Donovan steals 2nd base 0-1: Ball 1-1: Ball 2-1: SINGLE (Line Drive, 6M, EV 104.4 MPH) Steven Donovan to third
|
|
Batting: LHB Dusty Bryant
|
0-0: Called Strike 0-1: Ball 1-1: Ball 2-1: Swinging Strike 2-2: Ball 3-2: Strikes out swinging
|
|
Batting: RHB Xiao-shuang Au
|
0-0: Ball 1-0: Fielders Choice at 2nd, 6-4 (Groundball, 6, EV 79.4 MPH) Steven Donovan scores
|
|
Batting: LHB Tony Hasbun
|
0-0: Called Strike 0-1: Called Strike 0-2: Ball 1-2: Foul Ball, location: 2F 1-2: Ball 2-2: Strikes out swinging
|
| Top of the 4th over - 1 run, 1 hit, 0 errors, 1 left on base; Madison 1 - Oakland 9 |
| BOTTOM OF THE 4TH |
|
Oakland Oaks batting - Pitching for Madison Brewers : RHP Lorenzo Diaz
|
|
Batting: LHB Felipe Gomez
|
0-0: Ball 1-0: Foul Ball, location: 2F 1-1: Called Strike 1-2: Ball 2-2: Ball 3-2: SOLO HOME RUN (Line Drive, 9LD, EV 97.5 MPH), Distance : 369 ft
|
|
Batting: RHB Chris Temple
|
0-0: Ball 1-0: Ball 2-0: Ground out 6-3 (Groundball, 6M, EV 90.6 MPH)
|
|
Batting: LHB Ed Talamantes
|
0-0: Fly out, F9 (Flyball, 9S, EV 89.4 MPH)
|
|
Batting: RHB Don Burt
|
0-0: Ball 1-0: Swinging Strike 1-1: Fly out, F8 (Line Drive, 8LD, EV 86.2 MPH)
|
| Bottom of the 4th over - 1 run, 1 hit, 0 errors, 0 left on base; Madison 1 - Oakland 10 |
| TOP OF THE 5TH |
|
Madison Brewers batting - Pitching for Oakland Oaks : RHP Jasper Schrijver
|
|
Batting: LHB Jesus Huante
|
0-0: Called Strike 0-1: Fly out, F4 (Popup, 3S, EV 85.0 MPH)
|
|
Batting: RHB Malcolm McCauley
|
0-0: Called Strike 0-1: Foul Ball, location: 2F 0-2: Ball 1-2: Foul Ball, location: 2F 1-2: Ball 2-2: Strikes out looking
|
|
Batting: RHB Mohammed bin Ubaida
|
0-0: Ball 1-0: Ball 2-0: Ball 3-0: Base on Balls
|
|
Batting: LHB Alex Chairez
|
0-0: Ball Mohammed bin Ubaida steals 2nd base (no throw) 1-0: Ball 2-0: Ball 3-0: Base on Balls
|
|
Pitching: RHP Dave Magana
|
|
|
Batting: LHB Steven Donovan
|
0-0: Ball 1-0: Fly out, F9 (Flyball, 9, EV 85.0 MPH)
|
| Top of the 5th over - 0 runs, 0 hits, 0 errors, 2 left on base; Madison 1 - Oakland 10 |
| BOTTOM OF THE 5TH |
|
Oakland Oaks batting - Pitching for Madison Brewers : RHP Lorenzo Diaz
|
|
Batting: RHB Travis Robinson
|
0-0: Ball 1-0: Called Strike 1-1: Fly out, F7 (Flyball, 7S, EV 88.1 MPH)
|
|
Batting: RHB Tim Anderson
|
0-0: Foul Ball, location: 2F 0-1: Ball 1-1: Fly out, F8 (Flyball, 89D, EV 105.0 MPH)
|
|
Batting: RHB Chris Bohm
|
0-0: Swinging Strike 0-1: Ball 1-1: Ball 2-1: Foul Ball, location: 2F 2-2: Foul Ball, location: 2F 2-2: Ground out 4-3 (Groundball, 4, EV 89.4 MPH)
|
| Bottom of the 5th over - 0 runs, 0 hits, 0 errors, 0 left on base; Madison 1 - Oakland 10 |
| TOP OF THE 6TH |
|
Madison Brewers batting - Pitching for Oakland Oaks : RHP Dave Magana
|
|
Batting: LHB Greg Reedy
|
0-0: Swinging Strike 0-1: Ball 1-1: Ball 2-1: Ball 3-1: Base on Balls
|
|
Batting: LHB Dusty Bryant
|
0-0: Ball 1-0: Ball 2-0: Swinging Strike 2-1: Ball 3-1: Fly out, F8 (Flyball, 8RD, EV 94.4 MPH)
|
|
Batting: RHB Xiao-shuang Au
|
0-0: Foul Ball, location: 2F 0-1: Ball 1-1: Ball 2-1: Swinging Strike 2-2: Ball Greg Reedy is caught stealing 2nd base 2-4 3-2: Strikes out swinging
|
| Top of the 6th over - 0 runs, 0 hits, 0 errors, 0 left on base; Madison 1 - Oakland 10 |
| BOTTOM OF THE 6TH |
|
Oakland Oaks batting - Pitching for Madison Brewers : RHP Lorenzo Diaz
|
|
Batting: SHB Steve Salafia
|
0-0: Ball 1-0: Fly out, F7 (Flyball, 78M, EV 90.0 MPH)
|
|
Batting: RHB Walt Alaniz
|
0-0: Called Strike 0-1: Ball 1-1: Ball 2-1: Ball 3-1: SINGLE (Flyball, 4MD, EV 88.1 MPH)
|
|
Batting: LHB Felipe Gomez
|
0-0: Ball 1-0: Ball 2-0: Ball 3-0: Base on Balls Walt Alaniz to second
|
|
Batting: RHB Chris Temple
|
0-0: Ball 1-0: Called Strike 1-1: Called Strike 1-2: Ball 2-2: Grounds into double play, 6-4-3 (Groundball, 6, EV 106.2 MPH)
|
| Bottom of the 6th over - 0 runs, 1 hit, 0 errors, 1 left on base; Madison 1 - Oakland 10 |
| TOP OF THE 7TH |
|
Madison Brewers batting - Pitching for Oakland Oaks : RHP Dave Magana
|
|
Batting: LHB Tony Hasbun
|
0-0: Ball 1-0: Ground out 2-3 (Groundball, 2L, EV 66.2 MPH)
|
|
Batting: LHB Jesus Huante
|
0-0: Ball 1-0: Ball 2-0: Called Strike 2-1: Called Strike 2-2: Strikes out swinging
|
|
Pinch Hitting: RHB Wiliama Dana
|
0-0: Foul Ball, location: 2F 0-1: Ball 1-1: Fly out, F7 (Flyball, 7LM, EV 91.2 MPH)
|
| Top of the 7th over - 0 runs, 0 hits, 0 errors, 0 left on base; Madison 1 - Oakland 10 |
| BOTTOM OF THE 7TH |
|
Oakland Oaks batting - Pitching for Madison Brewers : RHP Lorenzo Diaz
|
|
Now in CF: Todd Massad
|
|
|
Pinch Hitting: LHB Igor Ciobanu
|
0-0: Ball 1-0: SINGLE (Groundball, 3D, EV 97.5 MPH)
|
|
Batting: RHB Don Burt
|
0-0: Ball 1-0: Ball 2-0: Ball 3-0: Base on Balls Igor Ciobanu to second
|
|
Batting: RHB Travis Robinson
|
0-0: Ball 1-0: Ball 2-0: Ball 3-0: Base on Balls Igor Ciobanu to third Don Burt to second
|
|
Batting: RHB Tim Anderson
|
0-0: Ball 1-0: Called Strike 1-1: Called Strike 1-2: DOUBLE (Line Drive, 89M, EV 101.2 MPH) Igor Ciobanu scores Don Burt scores Travis Robinson to third
|
|
Pitching: RHP Austin Sweetman
|
|
|
Batting: RHB Chris Bohm
|
0-0: Reached on error, E4 (Groundball, 4, EV 88.1 MPH) Travis Robinson scores Tim Anderson to third
|
|
Batting: SHB Steve Salafia
|
0-0: Ball 1-0: Ball 2-0: Ball 3-0: Base on Balls Chris Bohm to second
|
|
Batting: RHB Walt Alaniz
|
0-0: Ball 1-0: SINGLE (Line Drive, 8RS, EV 105.0 MPH) Tim Anderson scores Chris Bohm to third Steve Salafia to second Runner from 3rd tries for Home, throw by CF and OUT! 8-2
|
|
Batting: LHB Felipe Gomez
|
0-0: Called Strike 0-1: Ball 1-1: Ball 2-1: Ball 3-1: Base on Balls Steve Salafia to third Walt Alaniz to second
|
|
Batting: RHB Chris Temple
|
0-0: SINGLE (Groundball, 4D, EV 102.5 MPH) Steve Salafia scores Walt Alaniz to third Felipe Gomez to second Throwing error, E8 Walt Alaniz scores Felipe Gomez to third Chris Temple to second
|
|
Batting: LHB Igor Ciobanu
|
0-0: Ball 1-0: Foul Ball, location: 2F 1-1: Ball 2-1: Foul Ball, location: 2F 2-2: Ball 3-2: Base on Balls
|
|
Batting: RHB Don Burt
|
0-0: Ball 1-0: Grounds into double play, 6-4-3 (Groundball, 6S, EV 90.6 MPH)
|
| Bottom of the 7th over - 6 runs, 4 hits, 2 errors, 2 left on base; Madison 1 - Oakland 16 |
| TOP OF THE 8TH |
|
Madison Brewers batting - Pitching for Oakland Oaks : RHP Dave Magana
|
|
Now at 1B: Igor Ciobanu
|
|
|
Batting: RHB Mohammed bin Ubaida
|
0-0: Foul Ball, location: 2F 0-1: Swinging Strike 0-2: Foul Ball, location: 2F 0-2: Ball 1-2: Ball 2-2: Strikes out swinging
|
|
Batting: LHB Alex Chairez
|
0-0: Called Strike 0-1: Ball 1-1: Foul Ball, location: 2F 1-2: Strikes out swinging
|
|
Batting: LHB Steven Donovan
|
0-0: Ball 1-0: Foul Ball, location: 2F 1-1: Swinging Strike 1-2: Ball 2-2: Strikes out swinging
|
| Top of the 8th over - 0 runs, 0 hits, 0 errors, 0 left on base; Madison 1 - Oakland 16 |
| BOTTOM OF THE 8TH |
|
Oakland Oaks batting - Pitching for Madison Brewers : RHP Austin Sweetman
|
|
Batting: RHB Travis Robinson
|
0-0: Ball 1-0: Ball 2-0: Foul Ball, location: 2F 2-1: Ball 3-1: Called Strike 3-2: Strikes out swinging
|
|
Batting: RHB Tim Anderson
|
0-0: Called Strike 0-1: Foul Ball, location: 2F 0-2: Ball 1-2: Ball 2-2: Ground out 4-3 (Groundball, 4, EV 88.1 MPH)
|
|
Batting: RHB Chris Bohm
|
0-0: Ball 1-0: SINGLE (Line Drive, 9LS, EV 98.1 MPH)
|
|
Batting: SHB Steve Salafia
|
0-0: Ball 1-0: Ball Wild Pitch! Chris Bohm to second 2-0: SINGLE (Groundball, 4MD, EV 100.6 MPH) Chris Bohm to third Runner from 3rd tries for Home, SAFE, throw by CF to home
|
|
Batting: RHB Walt Alaniz
|
0-0: Called Strike 0-1: Fielders Choice at 2nd, U4 (Groundball, 4M, EV 85.0 MPH)
|
| Bottom of the 8th over - 1 run, 2 hits, 0 errors, 1 left on base; Madison 1 - Oakland 17 |
| TOP OF THE 9TH |
|
Madison Brewers batting - Pitching for Oakland Oaks : RHP Dave Magana
|
|
Batting: LHB Greg Reedy
|
0-0: Foul Ball, location: 2F 0-1: Ground out 4-3 (Groundball, 4S, EV 77.5 MPH)
|
|
Batting: LHB Dusty Bryant
|
0-0: Ball 1-0: Ball 2-0: Ball 3-0: Called Strike 3-1: Foul Ball, location: 2F 3-2: Ground out 3-1 (Groundball, 13, EV 80.6 MPH)
|
|
Batting: RHB Xiao-shuang Au
|
0-0: Foul Ball, location: 2F 0-1: Fly out, F9 (Flyball, 9D, EV 78.1 MPH)
|
| Top of the 9th over - 0 runs, 0 hits, 0 errors, 0 left on base; Madison 1 - Oakland 17 |
|